 Dungeon Crawl Stone Soup version 0.31-a0-265-gcf7e37af1d (webtiles) character file.

Game seed: 7726258249324428315

210 qw the Shooter (level 5, -7/32 HPs)
             Began as a Gargoyle Hexslinger on July 13, 2023.
             Mangled by Menkaure (11 damage)
             ... on level 4 of the Dungeon.
             The game lasted 00:01:13 (2208 turns).

qw the Shooter (Gargoyle Hexslinger)                Turns: 2208, Time: 00:01:13

Health: -7/32      AC: 11    Str: 16    XL:     5   Next: 87%
Magic:  6/6        EV: 11    Int: 14    God:
Gold:   183        SH:  0    Dex: 14    Spells: 5/6 levels left

rFire   . . .        Y - +1 sling
rCold   . . .        (no shield)
rNeg    + . .        a - +1 ring mail "Teskio" {Fly Str+5 Slay+2}
rPois   inf          b - +0 helmet
rElec   +            (no cloak)
rCorr   .            (no gloves)
SInv    .            (no boots)
Will    .....        (no amulet)
Stlth   +            (no ring)
HPRegen 0.25/turn    (no ring)
MPRegen 0.10/turn

%: no passive effects
@: flying
A: sickness immunity, AC +4, negative energy resistance 1, electricity
resistance, torment resistance 1, petrification resistance
a: no special abilities


You were on level 4 of the Dungeon.
You visited 1 branch of the dungeon, and saw 4 of its levels.

You collected 183 gold pieces.


Innate Abilities, Weirdness & Mutations

You are immune to sickness and miasma.
Your stone body is resilient. (AC +4)
You are immune to poison.
You resist negative energy. (rN+)
You are resistant to electric shocks. (rElec)
You are resistant to unholy torment.
You are immune to petrification.


   Skills:
 + Level 2.8 Fighting
 - Level 5.0 Ranged Weapons
 - Level 1.6 Armour
 - Level 1.5 Dodging
 - Level 1.0 Spellcasting
 - Level 2.6 Hexes


You had 5 spell levels left.
You knew the following spells:

 Your Spells              Type           Power      Damage    Failure   Level
a - Slow                  Hex            32%        N/A       16%         1

Your spell library contained the following spells:

 Spells                   Type           Power      Damage    Failure   Level
 Inner Flame              Hex/Fire       4%         N/A       63%         3
 Portal Projectile        Hex/Tloc       8%         N/A       63%         3
 Cause Fear               Hex            4%         N/A       85%         4

Inventory:

Hand Weapons
 Y - a +1 sling (weapon)
Armour
 a - the +1 ring mail "Teskio" (worn) {Fly Str+5 Slay+2}
   (You found it on level 2 of the Dungeon)

   Str:       It affects your strength (+5).
   Slay:      It affects your accuracy & damage with ranged weapons and melee
   (+2).
   Fly:       It grants you flight.
 b - a +0 helmet (worn)
Scrolls
 c - a scroll of noise {unknown}
 d - a scroll of identify
Potions
 e - a potion of enlightenment {unknown}
 h - a potion of cancellation {unknown}
 i - a potion of curing {unknown}
 j - a potion of degeneration {unknown}

Dungeon Overview and Level Annotations

Branches:
Dungeon (4/15)
 Temple: D:4-7

Altars:
Fedhas

Annotations:
D:4 Menkaure


Message History

Menkaure barely misses you.
You shoot a sling bullet. The sling bullet hits Menkaure.
Menkaure is heavily damaged.
Menkaure hits you but does no damage.
You shoot a sling bullet.
The sling bullet barely misses Menkaure.
Menkaure closely misses you.
You shoot a sling bullet. The sling bullet hits Menkaure.
Menkaure is severely damaged.
Menkaure mumbles some strange words.
Menkaure seems to speed up.
You shoot a sling bullet.
The sling bullet barely misses Menkaure.
Menkaure calls on the powers of darkness!
Your body is wracked with pain!
Menkaure hits you!
You shoot a sling bullet.
The sling bullet barely misses Menkaure.
Menkaure closely misses you.
You shoot a sling bullet. The sling bullet hits Menkaure.
Menkaure is severely damaged.
Menkaure hits you but does no damage. Menkaure barely misses you.
You shoot a sling bullet.
The sling bullet hits Menkaure but does no damage.
Menkaure is severely damaged.
Menkaure breathes soot at you. Menkaure misses you.
You shoot a sling bullet. The sling bullet hits Menkaure.
Menkaure is severely damaged.
Menkaure calls on the powers of darkness!
You feel a surge of unholy energy.
You shoot a sling bullet.
The sling bullet barely misses Menkaure.
Menkaure hits you but does no damage. Menkaure completely misses you.
You shoot a sling bullet.
The sling bullet closely misses Menkaure.
Menkaure barely misses you.
You shoot a sling bullet. The sling bullet hits Menkaure.
Menkaure is almost destroyed.
Menkaure hits you!
You die...

......:###+#### #......#
.......#....#####......#
................+......+
................#......#
######..........#......+
#.........##......#
#.........##......#
##........#)M.....#
#........#@#
#........#.#
#........#.#
#........#.#
#........#.#
#######<...# ######


You could see Menkaure (fast).

Vanquished Creatures
  Jessica (D:2)
  Natasha (D:3)
  Robin (D:2)
  4 adders
  An ufetubus (D:3)
  3 dart slugs
  8 orcs (D:3)
  7 bats
  9 endoplasms
  5 giant cockroaches
  4 hobgoblins
  4 quokkas
  9 ball pythons
  4 frilled lizards
  13 goblins
  13 kobolds
  8 rats
95 creatures vanquished.

Notes
Turn   | Place    | Note
-------+----------+-------------------------------------------
     0 | D:1      | qw the Gargoyle Hexslinger began the quest for the Orb.
     0 | D:1      | Reached XP level 1. HP: 12/12 MP: 2/2
     0 | D:1      | 0 ||| qw: Version: 0.3-a-52-g30416fa
     0 | D:1      | 0 ||| qw: Game counter: 7612
     0 | D:1      | 0 ||| qw: Melee chars always use a shield: true
     0 | D:1      | 0 ||| qw: God list: Okawaru
     0 | D:1      | 0 ||| qw: Allow faded altars: false
     0 | D:1      | 0 ||| qw: Do Orc after clearing Dungeon:15 true
     0 | D:1      | 0 ||| qw: Do second Lair branch before Depths: true
     0 | D:1      | 0 ||| qw: Lair rune preference: random
     0 | D:1      | 0 ||| qw: Goals: Normal
     0 | D:1      | 0 ||| PLANNING D:1-11
    62 | D:1      | Reached XP level 2. HP: 16/16 MP: 3/3
   109 | D:1      | Reached skill level 3 in Ranged Weapons
   422 | D:1      | Reached XP level 3. HP: 21/21 MP: 4/4
   482 | D:1      | 482 ||| UPGRADING to +0 ring mail.
   492 | D:1      | 492 ||| DROPPING +0 robe.
   493 | D:1      | 493 ||| READING scroll labelled USAFFE QOLU.
   494 | D:1      | 494 ||| READING scroll labelled OGIRA EBAORALY.
   495 | D:1      | 495 ||| READING scroll labelled QAPIGI WAIHOLI.
   496 | D:1      | 496 ||| DROPPING scroll of poison.
   521 | D:2      | Found a blossoming altar of Fedhas.
   662 | D:2      | Noticed Jessica
   664 | D:2      | Reached XP level 4. HP: 26/26 MP: 5/5
   680 | D:2      | Reached skill level 4 in Ranged Weapons
   680 | D:2      | Killed Jessica
   681 | D:2      | Reached skill level 1 in Armour
   816 | D:2      | Identified the +1 ring mail "Teskio" {Fly Str+5 Slay+2}
  1017 | D:2      | Noticed Robin
  1033 | D:2      | Killed Robin
  1034 | D:2      | Reached XP level 5. HP: 12/30 MP: 6/6
  1214 | D:2      | 1214 ||| UPGRADING to +1 ring mail "Teskio" {Fly Str+5
                  | Slay+2}.
  1224 | D:2      | 1224 ||| UPGRADING to +0 helmet.
  1229 | D:2      | 1229 ||| DROPPING +0 ring mail.
  1751 | D:3      | Reached skill level 5 in Ranged Weapons
  2023 | D:3      | 2023 ||| READING scroll labelled UDUEXU JUMYSKY.
  2024 | D:3      | 2024 ||| DRINKING 2 bubbling sapphire potions.
  2025 | D:3      | 2025 ||| DRINKING 2 smoky coppery potions.
  2026 | D:3      | 2026 ||| DROPPING potion of magic.
  2027 | D:3      | 2027 ||| DROPPING potion of attraction.
  2053 | D:4      | Noticed Natasha
  2063 | D:4      | 2063 ||| STAIRDANCE
  2068 | D:3      | Killed Natasha
  2188 | D:4      | Noticed Menkaure
  2201 | D:4      | HP: 1/32 [Menkaure (15)]
  2208 | D:4      | Mangled by Menkaure

Levels and vault maps discovered:
D:1:      amcnicky_arrival_single_pillar, layout_rooms, minmay_surrounded
D:2:      layout_basic, basic_altar, uniq_jessica, uniq_robin
D:3:      layout_loops_cross, lexackson_kobold_supper
D:4:      layout_basic, uniq_natasha, uniq_menkaure

Skill      XL: |  1  2  3  4  5 |
---------------+----------------+-----
Ranged Weapons | 3 4 5 |  5.0
Fighting       | 2 |  2.8
Armour         | 1 |  1.6
Dodging        | |  1.5
Spellcasting   | |  1.0
Hexes          | |  2.6

Action                     |  1- 3 |  4- 6 || total
---------------------------+-------+-------++-------
   Fire: Sling             |   109 |   213 ||   322
    Use: Scroll            |     3 |     1 ||     4
         Potion            |       |     2 ||     2
 Armour: Robe              |     9 |       ||     9
         Ring mail         |    30 |    83 ||   113
  Dodge: Dodged            |    34 |    91 ||   125

Table legend:
 A = Non-vault XP
 B = Vault XP
 C = Vault XP percentage of total XP
 D = Non-vault monster count
 E = Vault monster count
 F = Vault count percentage of total count
                 A         B        C        D         E       F
            +---------+---------+-------+---------+---------+-------
      Total |     185 |     115 |  38.3 |      75 |      20 |  21.1
            +---------+---------+-------+---------+---------+-------
        D:1 |      32 |       4 |  11.1 |      19 |       2 |   9.5
        D:2 |      77 |      67 |  46.5 |      26 |       9 |  25.7
        D:3 |      70 |      44 |  38.6 |      26 |       9 |  25.7
        D:4 |       6 |       0 |   0.0 |       4 |       0 |   0.0
            +---------+---------+-------+---------+---------+-------
